 Dungeon Crawl Stone Soup version 0.17-a0-1910-g4c791fa (webtiles) character file.

373 Ordine the Basher (level 6, -2/51 HPs)
             Began as a Minotaur Berserker on Sept 26, 2015.
             Was a Believer of Trog.
             Killed by nerve-wracking pain
             ... invoked by Grinder
              (11 damage)
             ... on level 3 of the Dungeon.
             The game lasted 00:12:52 (1651 turns).

Ordine the Basher (Minotaur Berserker)              Turns: 1651, Time: 00:12:52

Health: -2/51      AC:  7    Str: 22    XL:     6   Next: 43%
Magic:  5/5        EV:  8    Int:  4    God:    Trog [**....]
Gold:   132        SH:  9    Dex: 11    Spells: 0 memorised, 5 levels left

rFire  . . .     SeeInvis +     a - +0 mace
rCold  + . .     Clarity  .     r - +0 scale mail
rNeg   . . .     SustAt   .     l - +0 shield
rPois  .         Gourm    .     (helmet restricted)
rElec  .         Spirit   .     (no cloak)
rCorr  .         Warding  .     (no gloves)
rMut   .         Stasis   .     k - +0 pair of boots {Stlth+}
MR     .....                    (no amulet)
Stlth  +.........               i - ring of see invisible
                                e - ring of protection from cold

@: not resistant to hostile enchantments, very unstealthy
A: retaliatory headbutt, horns 2
a: Burn Spellbooks, Berserk, Trog's Hand, Renounce Religion


You were on level 3 of the Dungeon.
You worshipped Trog.
Trog was pleased with you.
You were hungry.

You visited 1 branch of the dungeon, and saw 3 of its levels.

You collected 132 gold pieces.

Inventory:

Hand weapons
 a - a +0 mace (weapon)
Armour
 k - a +0 pair of boots of stealth (worn)
 l - a +0 shield (worn)
 r - a +0 scale mail (worn)
Jewellery
 e - a ring of protection from cold (left hand)
 i - a ring of see invisible (right hand)
Magical devices
 o - a wand of teleportation (5)
Scrolls
 q - 2 scrolls of enchant armour
Potions
 b - 2 potions of cancellation
 j - a potion of invisibility
 p - 2 potions of resistance {unknown}
Comestibles
 c - 2 bread rations
 f - 11 chunks of flesh
 g - 4 fruits
 h - 2 meat rations
 m - a beef jerky
 n - a royal jelly


   Skills:
 - Level 3.6 Fighting
 + Level 8.1 Maces & Flails
 - Level 2.4 Armour
 - Level 2.1 Dodging
 + Level 3.0 Shields


You had 5 spell levels left.
You didn't know any spells.

Dungeon Overview and Level Annotations

Branches:
Dungeon (3/15)

Altars:
The Shining One

Annotations:
D:3 Grinder, Ijyb


Innate Abilities, Weirdness & Mutations

You reflexively headbutt those who attack you in melee.
You have a pair of horns on your head.


Message History

The stone barely misses you.
You hit Grinder. You headbutt Grinder.
Grinder is heavily wounded.
Grinder hits you.
You writhe in agony.
Your shield prevents you from hitting Grinder.
Grinder is heavily wounded.
The goblin shoots a stone.
The stone hits you but does no damage.
Grinder gestures.
Grinder blinks!
Ijyb zaps a wand.
The puff of flame hits you!
* * * LOW HITPOINT WARNING * * *
The goblin shoots a stone.
You block the stone.
Ijyb zaps a wand.
The puff of flame hits you!
* * * LOW HITPOINT WARNING * * *
Drink which item? (? for menu, Esc to quit)
Okay, then.
Ijyb barely misses you.
You hit Ijyb but do no damage. Grinder gestures at you.
Pain shoots through your body!
You die...

#............ ##
.###............ #...
................. ...
#)# #......<.... #.. #.#
#........_. #.. #.#
###รท...... ####..##.##
##......... #.......g.#
#..#.#..... #......@..#
##.##.#.....
#.........###..##.#.....
#.....((......###.#.....
#.......................
#.........######........
#..5......# #.#####..
#.........# #.# ###
#.........# #.# ##
#.........# #.# #.


You could see Grinder and Ijyb.

Vanquished Creatures
  Sigmund (D:3)
  A centaur (D:3)
  Terence (D:3)
  Robin (D:2)
  5 adders
  A giant gecko (D:3)
  An orc (D:3)
  3 bats
  11 hobgoblins
  3 jackals (D:3)
  2 quokkas
  2 giant cockroaches
  2 giant newts (D:2)
  15 goblins
  4 kobolds
  5 rats
58 creatures vanquished.

Notes
Turn   | Place    | Note
--------------------------------------------------------------
     0 | D:1      | Ordine the Minotaur Berserker began the quest for the Orb.
     0 | D:1      | Reached XP level 1. HP: 19/19 MP: 0/0
   144 | D:1      | Reached skill level 4 in Maces & Flails
   207 | D:1      | Reached XP level 2. HP: 21/26 MP: 1/1
   315 | D:1      | Found a glowing golden altar of the Shining One.
   588 | D:2      | Found a faded altar to an unknown god.
   617 | D:2      | Reached skill level 5 in Maces & Flails
   695 | D:2      | Reached XP level 3. HP: 29/31 MP: 2/2
   851 | D:2      | Noticed Robin
   867 | D:2      | Killed Robin
   872 | D:2      | Acquired Trog's second power
  1399 | D:3      | Reached XP level 4. HP: 39/39 MP: 3/3
  1405 | D:3      | Noticed Sigmund
  1408 | D:3      | Noticed a centaur
  1414 | D:3      | Killed Sigmund
  1414 | D:3      | Reached skill level 7 in Maces & Flails
  1414 | D:3      | Reached XP level 5. HP: 36/45 MP: 4/4
  1418 | D:3      | Killed a centaur
  1418 | D:3      | Reached XP level 6. HP: 31/51 MP: 5/5
  1490 | D:3      | Noticed Terence
  1497 | D:3      | Killed Terence
  1497 | D:3      | Reached skill level 8 in Maces & Flails
  1607 | D:3      | Found a glowing golden altar of the Shining One.
  1639 | D:3      | Noticed Grinder
  1639 | D:3      | Noticed Ijyb
  1651 | D:3      | Killed from afar by Grinder

Vault maps used:
D:1:      dpeg_arrival_shelter, tso_metal_star
D:2:      ecumenical_altar_1, uniq_robin
D:3:      overflow_temple_1_default, uniq_grinder, uniq_iyjb, uniq_terence,
          uniq_sigmund

Action                   |  1- 3 |  4- 6 || total
-------------------------+-------+-------++-------
Melee: Mace              |    85 |    51 ||   136
Invok: Berserk           |     1 |       ||     1
  Use: Scroll            |     8 |       ||     8
  Eat: Chunk             |     3 |       ||     3
